 Dungeon Crawl Stone Soup version 0.29-a0-887-gcbe080d7e0 (webtiles) character file.

Game seed: 10655153908722258879

105 zeratav the Stinger (level 4, -1/27 HPs)
             Began as an Octopode Venom Mage on July 21, 2022.
             Killed from afar by a dart slug (4 damage)
             ... with a slug dart
             ... on level 4 of the Dungeon.
             The game lasted 00:03:00 (2633 turns).

zeratav the Stinger (Octopode Venom Mage)           Turns: 2633, Time: 00:03:01

Health: -1/27      AC:  1    Str:  7    XL:     4   Next: 81%
Magic:  7/7        EV: 13    Int: 19    God:
Gold:   179        SH:  0    Dex: 12    Spells: 4/7 levels left

rFire   . . .      SeeInvis .   c - +0 dagger {short}
rCold   . . .      Faith    .   (no shield)
rNeg    . . .      Spirit   .   (helmet restricted)
rPois   .          Reflect  .   (no amulet)
rElec   .          Harm     .   (no ring)
rCorr   .          Rampage  .   (no ring)
Will    .....                   (no ring)
Stlth   ++++......              (no ring)
HPRegen 0.09/turn               (no ring)
MPRegen 0.10/turn               (no ring)
                                (no ring)
                                (no ring)

@: no status effects
A: almost no armour, amphibious, 8 rings, camouflage 1, gelatinous body 1,
(nimble swimmer 1), tentacles
a: no special abilities


You were on level 4 of the Dungeon.
You visited 1 branch of the dungeon, and saw 4 of its levels.

You collected 179 gold pieces.


Innate Abilities, Weirdness & Mutations

You cannot wear most types of armour.
You are amphibious.
You can wear up to eight rings at the same time.
Your skin changes colour to match your surroundings (Stealth+).
Your rubbery body absorbs attacks. (AC +1, EV +1)
((You are camouflaged when in or above water. (Stealth+)))
You have tentacles for arms and can constrict up to eight enemies at once.


   Skills:
 - Level 2.0 Dodging
 - Level 5.0 Stealth
 - Level 2.0 Spellcasting
 - Level 1.0 Transmutations
 + Level 5.4 Poison Magic


You had 4 spell levels left.
You knew the following spells:

 Your Spells              Type           Power      Damage    Failure   Level
a - Sting                 Tmut/Pois      56%        1d5       4%          1
b - Poisonous Vapours     Pois/Air       24%        N/A       9%          2

Your spell library contained the following spells:

 Spells                   Type           Power      Damage    Failure   Level
 Summon Small Mammal      Summ           4%         N/A       17%         1
 Olgreb's Toxic Radiance  Pois           22%        N/A       19%         4
 Ignite Poison            Fire/Tmut/Pois 10%        N/A       22%         3
 Mephitic Cloud           Conj/Pois/Air  8%         N/A       24%         3
 Call Canine Familiar     Summ           1%         N/A       45%         3
 Conjure Flame            Conj/Fire      1%         6-21      45%         3
 Summon Guardian Golem    Hex/Summ       1%         N/A       45%         3
 Sticky Flame             Conj/Fire      1%         2d3       86%         4

Inventory:

Hand Weapons
 c - a +0 dagger (weapon) {short}
   (You took it off a goblin on level 1 of the Dungeon)
Magical Staves
 o - a staff of cold {staff}
   (You found it on level 3 of the Dungeon)
Wands
 g - a wand of iceblast (5)
   (You found it on level 3 of the Dungeon)
Scrolls
 h - a scroll of identify {unknown}
 i - a scroll of vulnerability {unknown}
 l - a scroll of enchant armour {unknown}
 m - a scroll of immolation {unknown}
 n - a scroll of noise {unknown}
Potions
 a - a potion of magic
 b - 2 potions of attraction {unknown}
 d - 3 potions of heal wounds {unknown}
 e - a potion of curing {unknown}
 f - 2 potions of lignification {unknown}
 j - a potion of haste {unknown}
 k - a potion of resistance {unknown}

Dungeon Overview and Level Annotations

Branches:
Dungeon (4/15) Zot: 21367
 Temple: D:4-7

Altars:
Nemelex Xobeh
Yredelemnul

........######)#.#
.................## ##
........... ...). .#
........#.# #.#.# .#
........#.####.#.####.####
#+##<....................#
#.......†................#
#.......†........w.....##
#..#..#.#..#.#.#@##....#
#..#...........#.##....#
#.....#.#..#.#.#.##....#
#..#.##.#..#.#.#.##....#
#..#.##.#..#.#.#.##....#
#. #. #.#..#.#.#.##....#
#.............w..#
........#.##....#
............


You could see a dart slug.


Message History

HP[+1] No target in view!
No target in view!
No target in view!
No target in view!
No target in view!
No target in view!
No target in view!
No target in view!
No target in view!
No target in view!
No target in view!
No target in view!
No target in view!
No target in view!
No target in view!
You see here a hobgoblin corpse.
You now have 179 gold pieces (gained 8).
An ufetubus comes into view.
HP[+2]
Your hp is fully restored (27).
An ufetubus is nearby!
An ufetubus is nearby!
The ufetubus shouts!
You completely miss the ufetubus. Your grab misses the ufetubus.
The ufetubus hits you but does no damage.
The ufetubus barely misses you.
The ufetubus hits you but does no damage.
The ufetubus barely misses you.
You miss the ufetubus. Your grab misses the ufetubus. The ufetubus hits you. x2
HP[-5]
You take 5 damage, and now have 22/27 hp.
You hit the ufetubus. Your grab misses the ufetubus.
Your squeeze misses the ufetubus. The ufetubus hits you. x3
The ufetubus closely misses you.
HP[-8]
You take 8 damage, and now have 14/27 hp.
MASSIVE DAMAGE!! (PAUSE)
You closely miss the ufetubus. Your grab misses the ufetubus.
The ufetubus hits you but does no damage.
The ufetubus barely misses you.
HP[+1]
You hit the ufetubus but do no damage. You grab the ufetubus.
You squeeze the ufetubus.
You constrict the ufetubus, but do no damage.
The ufetubus barely misses you. The ufetubus hits you.
A dart slug comes into view.
The ufetubus closely misses you. x2
HP[-1]
You take 1 damage, and now have 14/27 hp.
You barely miss the ufetubus.
You constrict the ufetubus, but do no damage.
The ufetubus hits you.
* * * LOW HITPOINT WARNING * * *
The ufetubus closely misses you.
HP[-5]
You take 5 damage, and now have 9/27 hp.
You are too injured to fight recklessly!
You are too injured to fight recklessly!
You are too injured to fight recklessly!
You are too injured to fight recklessly!
You are too injured to fight recklessly!
You are too injured to fight recklessly!
You are too injured to fight recklessly!
You are too injured to fight recklessly!
There are monsters nearby!
Casting: Sting (safe; 4% risk of failure)
Confirm with . or Enter, or press ? or * to list all spells.
Aiming: Sting (safe; 4% risk of failure)
Press: ? - help, Shift-Dir - straight line, f - ufetubus
Aim: an ufetubus (almost dead, constricted by you, 98% to hit)
The sting hits the ufetubus.
The ufetubus is poisoned.
You kill the ufetubus!
MP[-1]
You lost 1 mp, and now have 6/7 mp.
A dart slug is nearby!
You are too injured to fight recklessly!
You are too injured to fight recklessly!
Unknown command.
The dart slug launches a dart at you. The slug dart hits you.
* * * LOW HITPOINT WARNING * * *
HP[-4]
You take 4 damage, and now have 5/27 hp.
You start resting.
A dart slug is nearby!
HP[+1] MP[+1]
Your mp is fully restored (7).
You hit the dart slug but do no damage. You grab the dart slug.
You squeeze the dart slug. You constrict the dart slug.
The dart slug bites you.
* * * LOW HITPOINT WARNING * * *
HP[-3]
You take 3 damage, and now have 3/27 hp.
You hit the dart slug.
You squeeze the dart slug, but do no damage.
You constrict the dart slug. The dart slug launches a dart at you.
The slug dart hits you.
You die...

Skill      XL: |  1  2  3  4 |
---------------+-------------+-----
Stealth        | 3 4 5 |  5.0
Poison Magic   | 4 5 |  5.4
Dodging        | |  2.0
Spellcasting   | |  2.0
Transmutations | |  1.0

Action                   |  1- 3 |  4- 6 || total
-------------------------+-------+-------++-------
Melee: Dagger            |    69 |    32 ||   101
       Short sword       |     5 |       ||     5
       Constrict         |    14 |     6 ||    20
       Tentacles         |    20 |     9 ||    29
 Cast: Sting             |     9 |     1 ||    10
 Stab: Sleeping          |    11 |     1 ||    12
Armor: Skin              |     7 |     7 ||    14
Dodge: Dodged            |    53 |    35 ||    88

Levels and vault maps discovered:
D:1:      nicolae_arrival_washed_ashore, layout_loops_cross, hex_tiny,
          amcnicky_mini_corridor_feature
D:2:      layout_basic, hellmonk_ecumenical_altar_crossroads, basic_altar,
          chequers_serial_rivers_micro_b
D:3:      layout_rooms, lemuel_zombie_altar_yredelemnul, minivault_26
D:4:      layout_basic, minmay_overflow_temple_star_quad,
          minmay_temple_entry_tees, serial_shops, kennysheep_mini_moat,
          minmay_misc_feat_square

Notes
Turn   | Place    | Note
-------+----------+-------------------------------------------
     0 | D:1      | zeratav the Octopode Venom Mage began the quest for the
                  | Orb.
     0 | D:1      | Reached XP level 1. HP: 11/11 MP: 3/3
     0 | D:1      | magus.rc [v1.9.6]
    41 | D:1      | Reached skill level 3 in Stealth
   450 | D:1      | Reached XP level 2. HP: 16/17 MP: 5/5
   451 | D:1      | Reached skill level 4 in Poison Magic
  1246 | D:2      | Found a sparkling altar of Nemelex Xobeh.
  1349 | D:2      | Reached XP level 3. HP: 21/21 MP: 2/6
  1353 | D:2      | Reached skill level 4 in Stealth
  1408 | D:2      | Learned a level 2 spell: Poisonous Vapours
  1564 | D:2      | Found a faded altar of an unknown god.
  1769 | D:3      | You add the spells Conjure Flame, Ignite Poison and Sticky
                  | Flame to your library.
  1971 | D:3      | You pick up a book of Callings and begin reading...
  1971 | D:3      | You add the spells Summon Small Mammal, Call Canine
                  | Familiar and Summon Guardian Golem to your library.
  2213 | D:3      | Reached XP level 4. HP: 27/27 MP: 7/7
  2258 | D:3      | Found a basalt altar of Yredelemnul.
  2270 | D:3      | HP: 6/27 [scorpion zombie (2)]
  2274 | D:3      | Reached skill level 5 in Stealth
  2274 | D:3      | Reached skill level 5 in Poison Magic
  2619 | D:4      | HP: 5/27 [dart slug/slug dart (4)]
  2632 | D:4      | HP: 3/27 [dart slug (3)]
  2633 | D:4      | Killed from afar by a dart slug

Vanquished Creatures
  A scorpion zombie (D:3)
  2 adders
  An ufetubus (D:4)
  An adder zombie (D:3)
  A worm (D:3)
  A dart slug (D:2)
  5 ball pythons
  5 endoplasms
  3 giant cockroaches
  3 goblins
  6 hobgoblins
  5 kobolds
  4 bats
  4 frilled lizards
  5 rats
47 creatures vanquished.

Table legend:
 A = Non-vault XP
 B = Vault XP
 C = Vault XP percentage of total XP
 D = Non-vault monster count
 E = Vault monster count
 F = Vault count percentage of total count
                 A         B        C        D         E       F
            +---------+---------+-------+---------+---------+-------
      Total |     109 |      41 |  27.3 |      45 |       2 |   4.3
            +---------+---------+-------+---------+---------+-------
        D:1 |      24 |       0 |   0.0 |      14 |       0 |   0.0
        D:2 |      40 |       0 |   0.0 |      16 |       0 |   0.0
        D:3 |      22 |      41 |  65.1 |      12 |       2 |  14.3
        D:4 |      23 |       0 |   0.0 |       3 |       0 |   0.0
            +---------+---------+-------+---------+---------+-------

Illustrated notes

Table legend:
 A = Kills in this place as a percentage of kills in entire the game.
 B = Kills by you in this place as a percentage of kills by you in the entire game.
 C = Kills by friends in this place as a percentage of kills by friends in the entire game.
 D = Other kills in this place as a percentage of other kills in the entire game.
 E = Experience gained in this place as a percentage of experience gained in the entire game.
 F = Experience gained in this place divided by the number of levels of this place that you have seen.
                   A       B       C       D       E      F
               +-------+-------+-------+-------+-------+----------------------
         Total | 100.0 | 100.0 |   N/A |   N/A | 100.0 |  37.5
       Dungeon | 100.0 | 100.0 |   N/A |   N/A | 100.0 |  37.5
               +-------+-------+-------+-------+-------+----------------------

Table legend: (Time is in decaauts)
 A = Elapsed time spent in this place.
 B = Non-inter-level travel time spent in this place.
 C = Inter-level travel time spent in this place.
 D = Time resting spent in this place.
 E = Time spent auto-exploring this place.
 F = Levels seen in this place.
 G = Mean time per level.
                   A        B        C        D        E       F      G
               +--------+--------+--------+--------+--------+-----+--------+
         Total |   2631 |   2546 |     85 |    292 |   1930 |   4 |  657.8 |
       Dungeon |   2631 |   2546 |     85 |    292 |   1930 |   4 |  657.8 |
               +--------+--------+--------+--------+--------+-----+--------+

Top non-repeatable levels by time:
     D:1: 1124 daAuts
     D:3: 802 daAuts
     D:2: 631 daAuts
     D:4: 72 daAuts
